 Dungeon Crawl Stone Soup version 0.29.1-12-g30fa7ad0bf (webtiles) character file.

Game seed: 3408454759885111287

106 ThatPearl the Trooper (level 4, -5/41 HPs)
             Began as a Ghoul Monk on Jan 8, 2023.
             Was a Believer of Trog.
             Killed by divine providence
             ... invoked by an orc priest
              (9 damage)
             ... on level 3 of the Dungeon.
             The game lasted 00:07:14 (2015 turns).

ThatPearl the Trooper (Ghoul Monk)                  Turns: 2015, Time: 00:07:15

Health: -5/41      AC:  7    Str: 16    XL:     4   Next: 84%
Magic:  3/3        EV: 10    Int:  5    God:    Trog [**....]
Gold:   137        SH:  0    Dex: 11    Spells: 3/3 levels left

rFire   . . .      SeeInvis .     - Unarmed
rCold   + . .      Faith    .   (no shield)
rNeg    + + +      Spirit   .   v - +0 scale mail
rPois   ∞          Reflect  .   p - +0 helmet
rElec   .          Harm     .   (no cloak)
rCorr   .          Rampage  .   (no gloves)
Will    .....                   (no boots)
Stlth   ..........              (no amulet)
HPRegen 0.00/turn               (no ring)
MPRegen 0.08/turn               (no ring)

@: inhibited regen
A: claws 1, cold resistance 1, negative energy resistance 3, inhibited
regeneration, torment resistance 2, devour on kill
a: Renounce Religion, Trog's Hand


You were on level 3 of the Dungeon.
You worshipped Trog.
Trog was pleased with you.
You visited 1 branch of the dungeon, and saw 3 of its levels.

You collected 137 gold pieces.

Inventory:

Hand Weapons
 l - a +0 sling
 t - a +0 sling
Missiles
 e - 32 stones (quivered)
 h - 4 atropa-tipped darts
Armour
 c - a +0 ring mail
 f - a +1 pair of gloves
 p - a +0 helmet (worn)
 v - a +0 scale mail (worn)
Magical Staves
 s - a staff of death
Jewellery
 r - an amulet of faith
Scrolls
 d - 2 scrolls of identify {unknown}
 i - a scroll of summoning {unknown}
 k - a scroll of torment {unknown}
 q - 2 scrolls of teleportation {unknown}
 u - a scroll of enchant armour {unknown}
 y - a scroll of noise {unknown}
Potions
 a - a potion of curing {unknown}
 b - 2 potions of ambrosia
 g - a potion of heal wounds {unknown}
 j - 3 potions of attraction {unknown}
 m - a potion of haste {unknown}
 n - a potion of lignification {unknown}
 o - a potion of resistance {unknown}
 w - a potion of brilliance {unknown}
 x - a potion of degeneration {unknown}


   Skills:
 + Level 4.3 Fighting
 + Level 3.5 Dodging
 - Level 2.1 Stealth
 + Level 4.3 Unarmed Combat


You had 3 spell levels left.
You didn't know any spells.
Your spell library contained the following spells:

 Spells                   Type           Power      Damage    Failure   Level
 Swiftness                Air            0%         N/A       99%         3
 Conjure Ball Lightning   Conj/Air       0%         3x3d6     100%        6


Dungeon Overview and Level Annotations

Branches:
Dungeon (3/15)

Altars:
Trog

Shops:
D:3 :


Innate Abilities, Weirdness & Mutations

You are immune to poison.
You have sharp fingernails.
Your flesh is cold resistant. (rC+)
You are immune to negative energy. (rN+++)
You do not regenerate when monsters are visible.
You are immune to unholy pain and torment.
You thrive by killing the living.


Message History

You feel better. The rat barely misses you.
You scratch the rat.
You kill the rat!
Trog accepts your kill.
You feel better.
No target in view!
Okay, then.
You now have 137 gold pieces (gained 4).
The bat closely misses you.
You scratch the bat.
You kill the bat!
Trog accepts your kill.
No target in view!
No target in view!
e - 28 stones (gained 7)
x - an emerald potion
e - 32 stones (gained 4)
y - a scroll labelled ZUETU HEDUCE
Found a stone staircase leading down.
The orc shouts!
You hear a shout!
An orc is nearby!
The orc priest shouts!
The orc wizard shouts!
The orc throws a stone.
The stone closely misses you.
The orc priest shouts!
You closely miss the orc. The orc hits you but does no damage.
You claw the orc priest!
The orc priest is heavily wounded.
The orc barely misses you.
The orc priest mumbles some strange prayers to Beogh against you.
Beogh smites you!
You closely miss the orc priest.
The orc priest is heavily wounded.
The orc hits you with a +0 mace.
The orc priest mumbles some strange prayers to Beogh against you.
Beogh smites you!
* * * LOW HITPOINT WARNING * * *
The orc priest calls down the wrath of Beogh upon you.
Beogh smites you!
You die...

#.##.....### #.......
#.##.##### #.....P.
###.##.# #.......
#......#########.......
#.....###..............
#..........######..#...
..#..........######......
#>........8.......<.......
##.###..o@..............#.
#.......oo........)....##
#......................#
#.......o..............##
#.........)............##
#........o#..............
#.........#.##.##........
######..##..#...........
#............>.....


You could see 3 orc priests, an orc wizard and an orc.

Vanquished Creatures
  4 adders
  An adder zombie (D:3)
  An adder skeleton (D:3)
  A worm (D:3)
  A dart slug (D:2)
  5 orcs (D:3)
  4 endoplasms
  A giant cockroach (D:2)
  A goblin (D:2)
  4 hobgoblins
  3 quokkas
  5 ball pythons
  5 bats
  8 frilled lizards
  6 kobolds
  A quokka zombie (D:3)
  7 rats
58 creatures vanquished.

Vanquished Creatures (others)
  A withered plant (D:3)
1 creature vanquished.

Grand Total: 59 creatures vanquished

Notes
Turn   | Place    | Note
-------+----------+-------------------------------------------
     0 | D:1      | ThatPearl the Ghoul Monk began the quest for the Orb.
     0 | D:1      | Reached XP level 1. HP: 19/19 MP: 0/0
   318 | D:1      | Reached XP level 2. HP: 16/26 MP: 1/1
  1103 | D:2      | Reached XP level 3. HP: 33/33 MP: 2/2
  1406 | D:3      | Reached XP level 4. HP: 37/40 MP: 3/3
  1833 | D:3      | Found Ganollok's Book Shoppe.
  1835 | D:3      | Got Sif Muna's Grimoire of the Sky
  1868 | D:3      | Found a bloodstained altar of Trog.
  1889 | D:3      | Became a worshipper of Trog the Wrathful
  1889 | D:3      | Reached * piety under Trog
  1889 | D:3      | Reached ** piety under Trog
  2015 | D:3      | Killed from afar by an orc priest

Illustrated notes

Levels and vault maps discovered:
D:1:      tarquinn_simple_flora_water_a, layout_loops_ring
D:2:      layout_basic
D:3:      layout_rooms, trog_butcher_becter,
          shapermc_ecumenical_altar_notcrosses, serial_undead, serial_undead_d,
          serial_undead_c, serial_undead_c, serial_undead_b, serial_shops, shop

Skill      XL: |  1  2  3 |
---------------+----------+-----
Dodging        | 3 |  3.5
Fighting       | 4 |  4.3
Unarmed Combat | 4 |  4.3
Stealth        | |  2.1

Action                   |  1- 3 |  4- 6 || total
-------------------------+-------+-------++-------
Melee: Unarmed           |   162 |    63 ||   225
       Punch             |     3 |     1 ||     4
Armor: Ring mail         |    37 |       ||    37
       Scale mail        |    28 |    31 ||    59
Dodge: Dodged            |    91 |    28 ||   119
